AoeStats
← jordicastillo

Fortress

507303309Analyzed
2v2 RM · 15d ago on Sep 17, 2026· 58m 9s· 4 players
Game mode
Random Map
Map size
Normal (6 player)
Population
200
Speed
Normal
Resources
Standard
Victory
Conquest
Starting age
Dark Age
Ending age
Imperial Age
RankedLock teamsTeams togetherTeam positionsShared explorationLock speedFull tech treeHidden civsTurbo modeCheats
Victory
Defeat
🇹🇷 Vikings · Türkiye
876
+10
🇹🇷 Cumans · Türkiye
870
+11
🇩🇪 Khmer · Germany
768
-11
🇩🇪 Franks · Germany
747
-10
NexuizClassic
8:14 Feudal Age
8:52 Double-Bit Axe
11:07 Horse Collar
13:12 Loom
16:48 Castle Age
15:39 Town Watch
17:04 Stone Mining
17:05 Gold Mining
20:07 Bow Saw
21:58 Heavy Plow
25:38 Squires
25:24 Arson
25:51 Forging
25:42 Scale Mail Armor
25:46 Chieftains
30:31 Imperial Age
28:05 Town Patrol
29:50 Iron Casting
29:36 Chain Mail Armor
31:55 Conscription
31:00 Elite Berserk
32:39 Hoardings
34:31 Blast Furnace
34:02 Plate Mail Armor
35:41 Crop Rotation
36:58 Chemistry
36:18 Ballistics
36:10 Masonry
35:56 Murder Holes
36:41 Fletching
36:57 Scale Barding Armor
36:53 Padded Archer Armor
42:46 Two-Man Saw
52:07 Treadmill Crane
52:34 Siege Engineers
52:59 Architecture
52:41 Fortified Wall
53:52 Bodkin Arrow
TheCucumberLord
0:28 Loom
7:37 Feudal Age
8:08 Horse Collar
8:16 Double-Bit Axe
15:29 Town Watch
18:48 Castle Age
17:13 Gold Mining
18:03 Forging
17:58 Scale Barding Armor
18:07 Bloodlines
18:42 Arson
18:59 Scale Mail Armor
23:21 Imperial Age
22:30 Iron Casting
23:41 Chain Barding Armor
26:55 Blast Furnace
27:27 Plate Barding Armor
26:54 Steppe Husbandry
29:23 Heavy Plow
32:36 Pikeman
33:16 Squires
33:34 Chain Mail Armor
34:41 Ballistics
35:22 Chemistry
38:34 Conscription
42:58 Plate Mail Armor
42:18 Fletching
42:34 Halberdier
45:25 Elite Steppe Lancer
48:59 Crop Rotation
48:42 Bow Saw
jordicastillo
5:28 Loom
8:26 Feudal Age
14:40 Castle Age
13:36 Double-Bit Axe
13:34 Horse Collar
13:47 Gold Mining
18:29 Bow Saw
26:42 Imperial Age
24:25 Heavy Plow
25:15 Gold Shaft Mining
24:40 Stone Mining
27:18 Ballistics
27:02 Tusk Swords
28:10 Conscription
28:02 Double Crossbow
29:09 Scale Barding Armor
29:25 Forging
31:32 Chemistry
31:37 Iron Casting
32:39 Heavy Scorpion
37:29 Chain Barding Armor
38:10 Blast Furnace
40:25 Plate Barding Armor
47:44 Elite Ballista Elephant
eric.w.hof
8:43 Feudal Age
9:34 Double-Bit Axe
13:53 Castle Age
12:38 Stone Mining
13:43 Scale Barding Armor
15:49 Bow Saw
17:32 Wheelbarrow
18:29 Husbandry
18:38 Gold Mining
24:41 Hand Cart
28:40 Imperial Age
27:48 Chain Barding Armor
28:10 Gold Shaft Mining
29:32 Scale Mail Armor
29:59 Cavalier
31:57 Chivalry
33:36 #83
35:02 Plate Barding Armor
34:41 Onager
35:59 #83
39:41 Ballistics
40:22 Chemistry
39:40 Crossbowman
42:38 Loom
44:26 Gambesons
44:03 Man-at-Arms
44:54 Forging
45:00 Chain Mail Armor
45:13 Long Swordsman
45:40 Paladin
46:42 Squires
55:57 Light Cavalry
Connection lost

Rejoining the realm…

Still unreachable

The connection could not be restored.

Session expired

The server has moved on; the page needs a fresh start.